 Dungeon Crawl Stone Soup version 0.25.1-2-g60ff931df9 (webtiles) character file.

Game seed: 10685351080941887612

15366 nicanaca0 the Basher (level 12, -7/77 HPs)
             Began as a Gargoyle Fighter on Sept 28, 2020.
             Was a High Priest of Okawaru.
             Mangled by Setanta's ghost (10 damage)
             ... on level 2 of the Lair of Beasts.
             The game lasted 00:35:47 (12874 turns).

nicanaca0 the Basher (Gargoyle Fighter)            Turns: 12874, Time: 00:35:48

Health: -7/77      AC: 34    Str: 26    XL:     12   Next: 26%
Magic:  5/12       EV: 11    Int: 10    God:    Okawaru [*****.]
Gold:   551        SH:  7    Dex: 10    Spells: 11/11 levels left

rFire    . . .     SeeInvis .   g - +2 mace (protect)
rCold    + . .     Gourm    .   Q - +0 buckler
rNeg     + . .     Faith    +   L - +0 chain mail of Morality {rC+ Str+3}
rPois    ∞         Spirit   .   l - +0 helmet
rElec    +         Reflect  .   (no cloak)
rCorr    .         Harm     .   y - +0 pair of gloves
MR       .....                  p - +0 pair of boots
Stlth    ..........             z - amulet of faith
HPRegen  0.22/turn              (no ring)
MPRegen  0.13/turn              (no ring)

@: heroism, finesse, protection aura, very slightly contaminated, invisible
A: big wings, hooves 1, negative energy resistance 1, electricity resistance,
unbreathing, petrification resistance, rot immunity, AC +8
a: Fly, Heroism, Finesse, Renounce Religion


You were on level 2 of the Lair of Beasts.
You worshipped Okawaru.
Okawaru was extremely pleased with you.
You were full.

You visited 3 branches of the dungeon, and saw 13 of its levels.
You also visited: Ossuary.

You collected 551 gold pieces.

Inventory:

Hand Weapons
 a - a +1 flail
 g - a +2 mace of protection (weapon)
 q - a +0 morningstar
 H - a +1 great mace of holy wrath
 I - a +5 morningstar
 J - a +0 dire flail
Missiles
 D - 5 poisoned darts (quivered)
 E - 111 stones
Armour
 c - a +0 kite shield
 e - a +0 plate armour
 l - a +0 helmet (worn)
 p - a +0 pair of boots (worn)
 y - a +0 pair of gloves (worn)
 L - the +0 chain mail of Morality (worn) {rC+ Str+3}
   (Okawaru gifted it to you on level 2 of the Lair of Beasts)

   It affects your strength (+3).
   It protects you from cold.
 Q - a +0 buckler (worn)
Jewellery
 z - an amulet of faith (around neck)
 N - an uncursed amulet of reflection
Wands
 B - a wand of paralysis (18)
 C - a wand of clouds (7)
 F - a wand of polymorph (26)
Scrolls
 b - 5 scrolls of enchant weapon
 h - 8 scrolls of remove curse
 i - 4 scrolls of random uselessness {unknown}
 k - 2 scrolls of enchant armour
 n - 6 scrolls of teleportation
 o - 3 scrolls of fog {unknown}
 r - 2 scrolls of identify
 s - 2 scrolls of blinking
 w - 4 scrolls of magic mapping {unknown}
 A - 2 scrolls of immolation
 K - 2 scrolls of fear {unknown}
 M - 2 scrolls of noise {unknown}
Potions
 d - a potion of resistance
 j - a potion of invisibility
 m - 3 potions of stabbing
 t - 4 potions of curing
 v - 2 potions of brilliance
 x - a potion of mutation
 G - a potion of flight
 O - a potion of degeneration {unknown}
Comestibles
 f - 22 rations


   Skills:
 + Level 9.9(14.9) Fighting
 * Level 12.9(17.9) Maces & Flails
 + Level 9.8(14.8) Armour
 + Level 9.9(14.9) Shields


You had 11 spell levels left.
You didn't know any spells.
Your spell library contained the following spells:

 Spells                   Type           Power        Failure   Level  Hunger
 Shroud of Golubria       Chrm/Tloc      #.....       91%         2    ###....
 Song of Slaying          Chrm           #.......     91%         2    ###....
 Inner Flame              Hex/Fire       #.......     99%         3    ####...
 Spectral Weapon          Hex/Chrm       #.......     99%         3    ####...
 Bolt of Magma            Conj/Fire/Erth #.........   100%        5    ######.
 Iskenderun's Battlesphe  Conj/Chrm      #.......     100%        5    ######.
 Iron Shot                Conj/Erth      #.........   100%        6    #######
 Orb of Destruction       Conj           #.........   100%        7    #######
 Spellforged Servitor     Conj/Summ      #.........   100%        7    #######
 Ignition                 Fire           #.........   100%        8    #######


Dungeon Overview and Level Annotations

Branches:
Dungeon (10/15)            Temple (1/1) D:7            Lair (2/6) D:9
 Shoals (0/4) Lair:2        Snake (0/4) Lair:2      Ossuary (visited)
    Orc: D:9-12

Altars:
Ashenzari
Cheibriados
Elyvilon
Fedhas
Hepliaklqana
Kikubaaqudgha
Makhleb
Nemelex Xobeh
Okawaru
Trog
Uskayaw
Vehumet
Wu Jian
Xom
Zin
The Shining One

Shops:
D:8 %

Annotations:
Lair:2 Setanta's ghost, journeyman DgFi


Innate Abilities, Weirdness & Mutations

You are resistant to torment.
Your stone body is resilient. (AC +8)
You are immune to poison.
You resist negative energy. (rN+)
You are resistant to electric shocks. (rElec)
You can survive without breathing.
You are immune to petrification.
You are immune to rotting.
Your large and strong wings let you fly indefinitely.
You have large cloven feet.


Message History

You can now deal lightning-fast blows.
Setanta's ghost barely misses you.
You hit Setanta's ghost but do no damage.
Setanta's ghost is lightly damaged.
The spriggan rider hits you but does no damage.
You thump Setanta's ghost!
Setanta's ghost is lightly damaged.
You miss Setanta's ghost.
Setanta's ghost is lightly damaged.
Setanta's ghost hits you!
* * * LOW HITPOINT WARNING * * *
You bludgeon the spriggan rider!!
The spriggan rider is heavily wounded.
You block the spriggan rider's attack.
You hit the spriggan rider.
The spriggan rider is heavily wounded.
You hit the spriggan rider.
The spriggan rider is heavily wounded.
Setanta's ghost hits you!
You die...

................#####......#
.............#...)##P......###
............P###...##..###...#
............#####......#
#...##
............#.#.......##
##.#.###
........>......P.#...##
##....#
...........#..........# ##....
...........♣♣#⌠...⌠#♣♣####
#....
..........♣♣h♣##@##♣.♣.#.#
####.
...........♣[♣..iW♣.♣♣...## #.
...........♣♣..♣♣...♣♣...P# #.
............♣..♣!..♣♣♣...## #.
....<.......♣....♣..♣###.# ##
........#...♣♣... .♣♣ #..# #.
...........#.♣♣♣♣ ♣♣ #..# ##.
..........#..♣..♣# ##..##
###.. .......######♣...###
#....###...#


You could see a spriggan rider and Setanta's ghost.

Vanquished Creatures
  The ghost of groll the Poker, a novice MiBe of Trog (D:7)
  Joseph (D:9)
  6 elephants (Lair:2)
  A black mamba (Lair:1)
  5 spiny frogs
  A gargoyle (D:9)
  3 komodo dragons
  2 trolls (D:9)
  3 blink frogs (Lair:1)
  Grinder (D:3)
  A spriggan (Lair:2)
  15 yaks
  A basilisk (Lair:2)
  3 nagas (Lair:2)
  4 porcupines (Lair:1)
  A water moccasin (Lair:1)
  An orc warrior (D:6)
  A black bear (D:6)
  A hornet zombie (Ossuary)
  2 ice beasts
  A sky beast (D:5)
  A necrophage (D:5)
  A phantom (D:8)
  3 ogres
  6 wolves
  A centaur (D:6)
  3 crocodiles (Lair:1)
  6 bullfrogs
  A big kobold (D:8)
  A water moccasin zombie (Ossuary)
  2 scorpions
  8 killer bees
  9 wights
  2 electric eels (D:9)
  3 crimson imps
  2 centaur zombies (Ossuary)
  5 bullfrog zombies (Ossuary)
  3 orc priests
  6 hounds
  8 jellies
  2 centaur skeletons
  A bullfrog skeleton (D:6)
  9 orc wizards
  Terence (D:2)
  8 worker ants
  A killer bee zombie (D:9)
  2 hound zombies (Ossuary)
  2 hound skeletons (D:6)
  19 mummies (Ossuary)
  2 howler monkey zombies
  5 worker ant zombies (Ossuary)
  Robin (D:2)
  3 gnolls (D:5)
  9 adders
  5 shadow imps
  6 oozes
  2 adder zombies (Ossuary)
  An adder skeleton (D:6)
  A dart slug (D:1)
  4 leopard geckos
  30 orcs
  A giant cockroach (D:5)
  11 goblins
  7 hobgoblins
  8 jackals
  5 quokkas
  A ball python (D:4)
  8 bats
  A frilled lizard (D:4)
  A goblin zombie (D:4)
  A jackal skeleton (D:4)
  14 kobolds
  A leopard gecko skeleton (D:7)
  A leopard gecko zombie (Ossuary)
  A quokka skeleton (D:4)
  9 rats
310 creatures vanquished.

Vanquished Creatures (others)
  A bush (Lair:2)
  A fungus (Lair:2)
  5 plants (Lair:2)
7 creatures vanquished.

Grand Total: 317 creatures vanquished

Notes
Turn   | Place    | Note
-------+----------+-------------------------------------------
     0 | D:1      | nicanaca0 the Gargoyle Fighter began the quest for the Orb.
     0 | D:1      | Reached XP level 1. HP: 14/14 MP: 1/1
    83 | D:1      | Reached XP level 2. HP: 17/19 MP: 2/2
   380 | D:1      | Reached skill level 3 in Maces & Flails
   476 | D:1      | Reached XP level 3. HP: 20/23 MP: 3/3
  1030 | D:2      | Noticed Robin
  1046 | D:2      | Killed Robin
  1241 | D:2      | Noticed Terence
  1257 | D:2      | Killed Terence
  1257 | D:2      | Reached skill level 4 in Maces & Flails
  1257 | D:2      | Reached XP level 4. HP: 28/28 MP: 4/4
  1687 | D:2      | Reached skill level 5 in Maces & Flails
  1687 | D:2      | Reached XP level 5. HP: 7/32 MP: 5/5
  2284 | D:3      | Noticed Grinder
  2285 | D:3      | Paralysed by Grinder for 2 turns
  2329 | D:3      | Paralysed by Grinder for 4 turns
  2348 | D:3      | Killed Grinder
  2348 | D:3      | Reached skill level 6 in Maces & Flails
  2348 | D:3      | Reached XP level 6. HP: 33/38 MP: 6/6
  2410 | D:3      | Found a snail-covered altar of Cheibriados.
  2520 | D:3      | Found a blossoming altar of Fedhas.
  2522 | D:3      | Found a bloodstained altar of Trog.
  2621 | D:3      | Found a white marble altar of Elyvilon.
  2925 | D:4      | Found a sand-covered staircase.
  2943 | Ossuary  | Entered an ossuary
  2966 | Ossuary  | HP: 1/38 [mummy (8)]
  2968 | Ossuary  | Gained mutation: You are clumsy. (Dex -2) [potion of
                  | mutation]
  2968 | Ossuary  | Gained mutation: You have large cloven feet. [potion of
                  | mutation]
  2968 | Ossuary  | Gained mutation: Your large and strong wings let you fly
                  | indefinitely. [potion of mutation]
  2968 | Ossuary  | Lost mutation: You are clumsy. (Dex -2) [potion of
                  | mutation]
  2983 | Ossuary  | Reached XP level 7. HP: 40/43 MP: 7/7
  3051 | Ossuary  | Reached skill level 7 in Maces & Flails
  3282 | Ossuary  | Reached XP level 8. HP: 48/48 MP: 8/8
  3389 | Ossuary  | Reached skill level 5 in Fighting
  3542 | Ossuary  | Reached skill level 5 in Armour
  3545 | Ossuary  | Reached skill level 5 in Shields
  4227 | D:5      | Entered Level 5 of the Dungeon
  4334 | D:5      | Reached skill level 8 in Maces & Flails
  4685 | D:5      | Reached XP level 9. HP: 40/55 MP: 9/9
  5571 | D:6      | Reached skill level 9 in Maces & Flails
  5600 | D:6      | Found a radiant altar of Vehumet.
  6471 | D:7      | Found a staircase to the Ecumenical Temple.
  6489 | Temple   | Entered the Ecumenical Temple
  6520 | Temple   | Became a worshipper of Warmaster Okawaru
  6757 | D:7      | Found a runed translucent door.
  7043 | D:7      | Found a glowing golden altar of the Shining One.
  7340 | D:7      | Noticed groll's ghost (novice MiBe)
  7365 | D:7      | Reached * piety under Okawaru
  7374 | D:7      | Killed groll's ghost
  7374 | D:7      | Reached ** piety under Okawaru
  7374 | D:7      | Reached skill level 10 in Maces & Flails
  7374 | D:7      | Reached XP level 10. HP: 58/63 MP: 10/10
  7804 | D:8      | Found Nan Luph's Food Boutique.
  8399 | D:9      | Found a shimmering altar of Xom.
  8402 | D:9      | Noticed Joseph
  8457 | D:9      | Reached *** piety under Okawaru
  8467 | D:9      | Killed Joseph
  8840 | D:9      | Reached **** piety under Okawaru
  9014 | D:9      | Reached skill level 11 in Maces & Flails
  9040 | D:9      | Found a staircase to the Lair.
  9292 | D:9      | Noticed a gargoyle
  9304 | D:9      | Killed a gargoyle
  9414 | D:9      | Reached XP level 11. HP: 62/69 MP: 11/11
  9601 | D:10     | Entered Level 10 of the Dungeon
  9649 | Lair:1   | Entered Level 1 of the Lair of Beasts
  9748 | Lair:1   | Reached ***** piety under Okawaru
 10272 | Lair:1   | Reached skill level 12 in Maces & Flails
 10408 | Lair:1   | Received a gift from Okawaru
 11101 | Lair:2   | Found a staircase to the Snake Pit.
 11475 | Lair:2   | Found a staircase to the Shoals.
 11545 | Lair:2   | Reached XP level 12. HP: 53/76 MP: 12/12
 11667 | Lair:2   | Identified Gonoves's Handbook of Igneous Good Luck
 11802 | Lair:2   | Received a gift from Okawaru
 11803 | Lair:2   | Got a scorched chain mail {god gift}
 11817 | Lair:2   | Identified the +0 chain mail of Morality {rC+ Str+3}
                  | (Okawaru gifted it to you on level 2 of the Lair of Beasts)
 12069 | Lair:2   | Found a runed translucent door.
 12072 | Lair:2   | Noticed Setanta's ghost (journeyman DgFi)
 12073 | Lair:2   | Identified the +7 trident of Intuition {freeze, MR+}
 12073 | Lair:2   | Noticed a spriggan rider
 12865 | Lair:2   | HP: 3/77 [spriggan rider/the +7 trident of Intuition
                  | {freeze, MR+} (18)]
 12871 | Lair:2   | HP: 3/77 [Setanta's ghost (10)]
 12874 | Lair:2   | Mangled by Setanta's ghost

Illustrated notes

Levels and vault maps discovered:
D:1:      kennysheep_arrival_seaside, layout_loops_ring
D:2:      layout_basic, hangedman_decor_lopped, minmay_misc_feat_enclosed,
          uniq_terence, uniq_robin
D:3:      layout_loops_ring, old_standard_altar,
          chequers_temple_overflow_statue_of_worship, first_ration,
          cheibriados_altar_1, uniq_grinder
D:4:      layout_rooms, enter_ossuary_3, minmay_misc_feat_room,
          kennysheep_another_room, kennysheep_generic_room_6
D:5:      layout_loops_ring
D:6:      layout_loops_ring, old_standard_altar
D:7:      layout_gridville, nicolae_tso_swordbearing_angel,
          minmay_temple_entry_slanted, ebering_ghost_inner_flame,
          kennysheep_generic_room_14
D:8:      layout_loops_ring, serial_shops, nicolae_shop_trees,
          hangedman_little_slice_of_home
D:9:      layout_rooms, lemuel_doored_altar, erik_lair_island, uniq_joseph
D:10:     layout_roguey, minmay_librarian
Temple:   compressed_dpeg_circular_temple
Lair:1:   layout_loops_ring, nicolae_volcano_entry_hallway, grunt_megastairs_2
Lair:2:   layout_layer_cave, shoals_dummy_entry,
          minmay_snake_entry_guardpost_small, ebering_ghost_funeral_grove

Skill      XL: |  1  2  3  4  5  6  7  8  9 10 11 |
---------------+----------------------------------+-----
Maces & Flails | 3 4 5 6 7 8 10 11 12 | 12.9
Fighting       | 4 5 7 8 9 |  9.9
Armour         | 4 5 7 8 9 |  9.8
Shields        | 4 5 7 8 9 |  9.9

Action                   |  1- 3 |  4- 6 |  7- 9 | 10-12 || total
-------------------------+-------+-------+-------+-------++-------
Melee: Flail             |   107 |   272 |   211 |       ||   590
       Mace              |       |       |   445 |   612 ||  1057
       Morningstar       |       |       |       |   200 ||   200
Invok: Heroism           |       |       |       |     4 ||     4
       Finesse           |       |       |       |     1 ||     1
Evoke: Wand              |       |       |     2 |     2 ||     4
  Use: Scroll            |       |     2 |     1 |     8 ||    11
       Potion            |       |     4 |     2 |     2 ||     8
 Stab: Paralysed         |       |       |     2 |     5 ||     7
  Eat: Chunk             |     1 |     6 |    12 |    18 ||    37
       Ration            |       |       |     1 |     2 ||     3
Armor: Scale mail        |    20 |       |       |       ||    20
       Plate armour      |    52 |   231 |   386 |   394 ||  1063
       Chain mail        |       |       |       |   143 ||   143
Dodge: Dodged            |    19 |    52 |    74 |   159 ||   304
Block: Kite shield       |    62 |   120 |   283 |   309 ||   774
       Buckler           |       |       |       |    41 ||    41
